 Dungeon Crawl Stone Soup version 0.28-a0-655-g4eb62b627b (webtiles) character file.

Game seed: 9931430345675283986

34 sleeves the Chopper (level 3, -9/29 HPs)
             Began as a Demonspawn Fighter on Oct 12, 2021.
             Mangled by Sigmund (10 damage)
             ... on level 2 of the Dungeon.
             The game lasted 00:02:31 (1338 turns).

sleeves the Chopper (Demonspawn Fighter)            Turns: 1338, Time: 00:02:32

Health: -9/29      AC:  5    Str: 17    XL:     3   Next: 14%
Magic:  3/3        EV: 10    Int:  9    God:
Gold:   85         SH:  4    Dex: 12    Spells: 2/2 levels left

rFire   + . .      SeeInvis .   f - +0 dagger (venom)
rCold   . . .      Faith    .   c - +0 buckler
rNeg    . . .      Spirit   .   i - +2 leather armour {rF+}
rPois   .          Reflect  .   (no helmet)
rElec   .          Harm     .   (no cloak)
rCorr   .          Rampage  .   (no gloves)
Will    .....                   (no boots)
Stlth   +.........              (no amulet)
HPRegen 0.09/turn               (no ring)
MPRegen 0.08/turn               (no ring)

@: no status effects
A: demonic touch 1
a: no special abilities


You were on level 2 of the Dungeon.
You visited 1 branch of the dungeon, and saw 2 of its levels.

You collected 85 gold pieces.

Inventory:

Hand Weapons
 a - a +0 war axe
 f - a +0 dagger of venom (weapon)
   (You took it off a goblin on level 1 of the Dungeon)
Armour
 c - a +0 buckler (worn)
 i - a +2 leather armour of fire resistance (worn)
   (You found it on level 1 of the Dungeon)
Scrolls
 b - a scroll of acquirement {unknown}
 g - a scroll of noise {unknown}
Potions
 d - a potion of might
 h - a potion of resistance {unknown}


   Skills:
 - Level 3.0 Fighting
 + Level 3.3 Axes
 - Level 2.6 Armour
 - Level 2.6 Shields


You had 2 spell levels left.
You didn't know any spells.
Your spell library contained the following spells:

 Spells                   Type           Power      Damage    Failure   Level
 Gell's Gravitas          Tloc           0%         N/A       86%         3
 Lesser Beckoning         Tloc           0%         N/A       86%         3
 Teleport Other           Tloc           0%         N/A       86%         3


Dungeon Overview and Level Annotations

Branches:
Dungeon (2/15)

Altars:

Annotations:
D:2 Sigmund


Innate Abilities, Weirdness & Mutations

Your touch may inflict minor irresistible damage on your foes.


Message History

Welcome, sleeves the Demonspawn Fighter.
They say the Orb of Zot lies within this dungeon, but they say a lot of things.
Press ? for a list of commands and other information.
Found a buckler, a viscous cyan potion and 10 gold pieces.
Found a staircase leading out of the dungeon.
Unknown command.
Unknown command.
A frilled lizard comes into view.
The frilled lizard hisses angrily.
A frilled lizard is nearby!
A frilled lizard is nearby!
A frilled lizard is nearby!
You see here a viscous cyan potion.
Found 3 atropa-tipped darts.
You see here 10 gold pieces.
The frilled lizard hisses.
The frilled lizard bites you.
You closely miss the frilled lizard. The frilled lizard bites you.
You miss the frilled lizard. The frilled lizard closely misses you.
You barely miss the frilled lizard.
The frilled lizard completely misses you.
The frilled lizard bites you but does no damage.
Your scale mail prevents you from hitting the frilled lizard.
You block the frilled lizard's attack.
You slash the frilled lizard!
You kill the frilled lizard!
No target in view!
No target in view!
HP restored.
You now have 10 gold pieces.
e - a viscous cyan potion A goblin comes into view.
It is wielding a +0 dagger of venom.
Found 4 gold pieces.
The goblin shouts!
A goblin is nearby!
No target in view!
No target in view!
No target in view!
No target in view!
No target in view!
No target in view!
Found 15 gold pieces.
A goblin is nearby!
You slash the goblin!
You kill the goblin!
Your Axes skill increases to level 2!
No target in view!
No target in view!
No target in view!
No target in view!
No target in view!
You see here a +0 dagger of venom.
You now have 14 gold pieces (gained 4).
A hobgoblin and a dart slug come into view.
The hobgoblin shouts!
There are monsters nearby!
There are monsters nearby!
There are monsters nearby!
Found a club.
You barely miss the hobgoblin.
The hobgoblin hits you but does no damage.
Your scale mail prevents you from hitting the hobgoblin.
The hobgoblin barely misses you.
You hit the hobgoblin.
You kill the hobgoblin!
You hit the dart slug. The dart slug launches a dart at you.
The slug dart hits you but does no damage.
You hit the dart slug.
The dart slug is almost dead.
The dart slug closely misses you.
You hit the dart slug.
You kill the dart slug!
No target in view!
No target in view!
No target in view!
No target in view!
No target in view!
No target in view!
No target in view!
No target in view!
Found a stone staircase leading down.
You now have 29 gold pieces (gained 15).
A quokka comes into view.
A quokka is nearby!
A quokka is nearby!
The quokka closely misses you.
The quokka bites you but does no damage.
You barely miss the quokka. The quokka bites you.
You completely miss the quokka. The quokka bites you.
The quokka bites you but does no damage.
You hit the quokka.
You kill the quokka!
No target in view!
No target in view!
No target in view!
No target in view!
You see here a quokka corpse.
As you open the door, it creaks loudly!
A hobgoblin comes into view.
A hobgoblin is nearby!
A hobgoblin is nearby!
The hobgoblin hits you but does no damage.
There is an open door here.
You barely miss the hobgoblin. The hobgoblin barely misses you. x2
You barely miss the hobgoblin. The hobgoblin closely misses you.
You barely miss the hobgoblin. You block the hobgoblin's attack.
You hit the hobgoblin.
The hobgoblin is heavily wounded.
The hobgoblin closely misses you. You block the hobgoblin's attack.
You closely miss the hobgoblin.
The hobgoblin is heavily wounded.
You block the hobgoblin's attack.
You barely miss the hobgoblin.
The hobgoblin is heavily wounded.
The hobgoblin closely misses you. The hobgoblin barely misses you.
You hit the hobgoblin.
The hobgoblin is almost dead.
The hobgoblin barely misses you.
You hit the hobgoblin.
You kill the hobgoblin!
You have reached level 2!
Your demonic ancestry asserts itself...
Your hands begin to faintly glow with unholy energy.
Search for what [? for help]? dag You see here a quokka corpse.
You see here a +0 dagger of venom.
f - a +0 dagger of venom You open the door.
There is an open door here.
There is an open door here.
You see here a +0 buckler.
g - a scroll labelled AHOIXT HEISK You now have 41 gold pieces (gained 12).
You open the door.
A rat comes into view.
A rat is nearby!
A rat is nearby!
A rat is nearby!
You barely miss the rat.
The rat bites you but does no damage. x2
You hit the rat.
You kill the rat!
No target in view!
No target in view!
No target in view!
No target in view!
A dart slug comes into view.
The dart slug launches a dart at you. The slug dart hits you.
Your +0 dagger of venom begins to drip with poison!
f - a +0 dagger of venom (weapon)
The dart slug launches a dart at you. The slug dart misses you.
The dart slug launches a dart at you. The slug dart hits you.
Found a stone staircase leading down.
The dart slug bites you but does no damage.
You hit the dart slug.
The dart slug is poisoned.
The dart slug is moderately wounded.
You hit the dart slug but do no damage.
The dart slug looks as sick as possible!
The dart slug is moderately wounded.
You kill the dart slug!
Found a robe.
No target in view!
You open the door.
A rat comes into view.
A rat is nearby!
A rat is nearby!
You hit the rat but do no damage.
The rat is poisoned.
The rat bites you but does no damage.
You hit the rat.
You kill the rat!
As you open the door, it creaks loudly!
There is an open door here.
You now have 56 gold pieces (gained 15).
There is an open door here.
A giant cockroach comes into view.
A giant cockroach is nearby!
A giant cockroach is nearby!
A giant cockroach is nearby!
The giant cockroach closely misses you.
You closely miss the giant cockroach. The giant cockroach barely misses you.
You block the giant cockroach's attack.
You hit the giant cockroach.
The giant cockroach is moderately wounded.
The giant cockroach bites you but does no damage.
You hit the giant cockroach but do no damage.
The giant cockroach is poisoned.
The giant cockroach is moderately wounded.
The giant cockroach bites you but does no damage.
You hit the giant cockroach.
You kill the giant cockroach!
You open the door.
There is an open door here.
You now have 68 gold pieces (gained 12).
There is an open door here.
You open the door.
A rat comes into view.
You hit the rat.
The rat is poisoned.
The rat is severely wounded.
The rat bites you but does no damage.
A rat is nearby!
A rat is nearby!
You hit the rat but do no damage.
The rat is severely wounded.
The rat closely misses you.
A rat is nearby!
You hit the rat.
You kill the rat!
No target in view!
No target in view!
You open the door.
A rat comes into view.
You closely miss the rat. The rat barely misses you.
A rat is nearby!
You hit the rat but do no damage. The rat barely misses you.
A rat is nearby!
A rat is nearby!
Your shield prevents you from hitting the rat.
The rat barely misses you.
You closely miss the rat. You block the rat's attack.
A rat is nearby!
You hit the rat but do no damage.
The rat is poisoned.
The rat barely misses you.
A rat is nearby!
You closely miss the rat.
The rat is severely wounded.
You block the rat's attack.
A rat is nearby!
You hit the rat.
You kill the rat!
Key pressed, stopping explore.
No target in view!
You open the door.
A rat comes into view.
You closely miss the rat. The rat closely misses you.
You hit the rat.
The rat is poisoned.
The rat is severely wounded.
You kill the rat!
A rat comes into view.
A rat is nearby!
A rat is nearby!
You hit the rat.
You kill the rat!
As you open the door, it creaks loudly!
A rat comes into view.
You hit the rat.
You kill the rat!
As you open the door, it creaks loudly!
There is an open door here.
Key pressed, stopping explore.
No target in view!
Key pressed, stopping explore.
No target in view!
Key pressed, stopping explore.
No target in view!
You now have 74 gold pieces (gained 6).
There is an open door here.
Found 18 stones.
No target in view!
A frilled lizard comes into view.
Found 16 stones.
A frilled lizard is nearby!
A frilled lizard is nearby!
The frilled lizard bites you.
A frilled lizard is nearby!
You hit the frilled lizard but do no damage.
The frilled lizard is poisoned.
The frilled lizard bites you but does no damage.
You hit the frilled lizard.
You kill the frilled lizard!
You see here 18 stones.
A kobold comes into view. It is wielding a +0 short sword.
The kobold shouts!
A kobold is nearby!
A kobold is nearby!
You hit the kobold.
The kobold is poisoned.
The kobold is severely wounded.
You kill the kobold!
An endoplasm comes into view.
An endoplasm is nearby!
The endoplasm quivers.
An endoplasm is nearby!
An endoplasm is nearby!
The endoplasm jiggles.
An endoplasm is nearby!
You completely miss the endoplasm. The endoplasm freezes you.
You are frozen.
An endoplasm is nearby!
You hit the endoplasm but do no damage. The endoplasm freezes you.
You are frozen.
An endoplasm is nearby!
You hit the endoplasm.
The endoplasm is poisoned.
The endoplasm is heavily wounded.
You kill the endoplasm!
Your Axes skill increases to level 3!
Things that are here:
a +0 short sword; a kobold corpse No target in view!
You open the door.
There is an open door here.
A rat comes into view.
A rat is nearby!
A rat is nearby!
You hit the rat.
You kill the rat!
You pick up a book of Displacement and begin reading...
You add the spells Lesser Beckoning, Gell's Gravitas and Teleport Other to your library.
No target in view!
No target in view!
No target in view!
You now have 77 gold pieces (gained 3).
Found a runed leather armour.
A quokka comes into view.
Found a fizzy silvery potion.
A quokka is nearby!
A quokka is nearby!
You hit the quokka.
The quokka is poisoned.
The quokka is heavily wounded.
The quokka bites you but does no damage.
You barely miss the quokka.
The quokka is severely wounded.
You block the quokka's attack.
You hit the quokka.
You kill the quokka!
No target in view!
You see here a quokka corpse.
h - a fizzy silvery potion No target in view!
You see here a +2 leather armour of fire resistance.
i - a +2 leather armour of fire resistance You start removing your armour.
You continue taking off your +0 scale mail. x4
You finish taking off your +0 scale mail.
You start putting on your armour.
You continue putting on your +2 leather armour of fire resistance. x5
You finish putting on your +2 leather armour of fire resistance.
You feel resistant to fire.
Unknown command.
Drop what? 9/52 slots (_ for help) (? for menu, Esc to quit)
You drop a +0 scale mail.
A hobgoblin comes into view.
The hobgoblin shouts!
A hobgoblin is nearby!
A hobgoblin is nearby!
A hobgoblin is nearby!
You closely miss the hobgoblin. The hobgoblin hits you.
You barely miss the hobgoblin.
The hobgoblin hits you but does no damage.
You barely miss the hobgoblin. The hobgoblin misses you.
You closely miss the hobgoblin. The hobgoblin completely misses you.
You hit the hobgoblin.
The hobgoblin is poisoned.
The hobgoblin is moderately wounded.
The hobgoblin hits you.
You completely miss the hobgoblin.
The hobgoblin is moderately wounded.
The hobgoblin hits you.
A hobgoblin is nearby!
A hobgoblin is nearby!
A hobgoblin is nearby!
A hobgoblin is nearby!
You barely miss the hobgoblin.
The hobgoblin is moderately wounded.
The hobgoblin hits you.
You are too injured to fight recklessly!
You are too injured to fight recklessly!
You are too injured to fight recklessly!
You are too injured to fight recklessly!
You are too injured to fight recklessly!
You are too injured to fight recklessly!
You are too injured to fight recklessly!
You are too injured to fight recklessly!
You are too injured to fight recklessly!
You are too injured to fight recklessly!
You are too injured to fight recklessly!
You are too injured to fight recklessly!
You are too injured to fight recklessly!
You are too injured to fight recklessly!
You hit the hobgoblin.
The hobgoblin is almost dead.
You kill the hobgoblin!
You see here a hobgoblin corpse.
Key pressed, stopping explore.
A giant cockroach comes into view.
A giant cockroach is nearby!
The giant cockroach barely misses you.
You closely miss the giant cockroach. You block the giant cockroach's attack.
You hit the giant cockroach.
The giant cockroach is heavily wounded.
The giant cockroach barely misses you.
You hit the giant cockroach but do no damage.
The giant cockroach is poisoned.
The giant cockroach is heavily wounded.
You kill the giant cockroach!
No target in view!
No target in view!
No target in view!
No target in view!
No target in view!
No target in view!
No target in view!
No target in view!
No target in view!
No target in view!
No target in view!
No target in view!
No target in view!
Welcome back, sleeves the Demonspawn Fighter.
Press ? for a list of commands and other information.
Welcome back, sleeves the Demonspawn Fighter.
Press ? for a list of commands and other information.
A frilled lizard comes into view.
The frilled lizard hisses angrily.
A frilled lizard is nearby!
A frilled lizard is nearby!
A frilled lizard is nearby!
A frilled lizard is nearby!
The frilled lizard barely misses you.
You miss the frilled lizard. The frilled lizard closely misses you.
You hit the frilled lizard.
The frilled lizard is heavily wounded.
The frilled lizard barely misses you.
You closely miss the frilled lizard.
The frilled lizard is heavily wounded.
The frilled lizard bites you but does no damage.
You barely miss the frilled lizard.
The frilled lizard is heavily wounded.
The frilled lizard bites you but does no damage.
You hit the frilled lizard.
You kill the frilled lizard!
No target in view!
No target in view!
You see here a frilled lizard corpse.
As you open the door, it creaks loudly!
There is an open door here.
A quokka comes into view.
A quokka is nearby!
A quokka is nearby!
Found a robe.
The quokka bites you but does no damage.
You barely miss the quokka. The quokka closely misses you.
You hit the quokka.
The quokka is poisoned.
The quokka is severely wounded.
The quokka bites you but does no damage.
You hit the quokka but do no damage.
The quokka looks as sick as possible!
The quokka is severely wounded.
You kill the quokka!
You have reached level 3!
Your experience leads to an increase in your attributes!
Increase (S)trength, (I)ntelligence, or (D)exterity?
You feel stronger.
A bat comes into view.
A bat is nearby!
A bat is nearby!
A bat is nearby!
A bat is nearby!
Found a stone staircase leading down.
You block the bat's attack.
Your leather armour prevents you from hitting the bat.
The bat hits you but does no damage. x2
You closely miss the bat. The bat hits you but does no damage.
You hit the bat.
The bat is poisoned.
The bat is severely wounded.
The bat hits you. x2
The bat barely misses you.
A bat is nearby!
A bat is nearby!
You hit the bat.
You kill the bat!
No target in view!
HP restored.
There is an open door here.
You open the door.
Found a club.
There is an open door here.
No target in view!
You see here a +0 club.
An endoplasm comes into view.
The endoplasm quivers.
You see here a scroll labelled WUFU TIYTUIPOUBIGG.
An endoplasm is nearby!
An endoplasm is nearby!
You hit the endoplasm.
The endoplasm is moderately wounded.
The endoplasm hits you but does no damage.
You hit the endoplasm.
The endoplasm is almost dead.
The endoplasm freezes you.
You are frozen.
You barely miss the endoplasm.
The endoplasm is almost dead.
The endoplasm hits you but does no damage.
An endoplasm is nearby!
You hit the endoplasm.
You kill the endoplasm!
No target in view!
b - a scroll labelled WUFU TIYTUIPOUBIGG Key pressed, stopping explore.
No target in view!
Key pressed, stopping explore.
No target in view!
Key pressed, stopping explore.
No target in view!
No target in view!
No target in view!
No target in view!
There is an open door here.
You see here a frilled lizard corpse.
You open the door.
A rat comes into view.
A rat is nearby!
A rat is nearby!
You barely miss the rat. The rat bites you but does no damage.
You barely miss the rat. You block the rat's attack.
You closely miss the rat. The rat closely misses you.
You closely miss the rat. The rat closely misses you.
You hit the rat.
You kill the rat!
No target in view!
No target in view!
You see here 18 stones.
Done exploring.
Done exploring.
Done exploring.
Done exploring.
No target in view!
(D) Dungeon
Where to? (? - help)
There is a stone staircase leading down here.
You climb downwards.
There is a stone staircase leading up here.
Found 21 arrows.
You now have 85 gold pieces (gained 8).
Found 14 arrows.
Found an escape hatch in the ceiling.
Found a stone staircase leading down.
No target in view!
No target in view!
No target in view!
Found 16 stones.
An endoplasm comes into view.
The endoplasm quivers.
An endoplasm is nearby!
A rat comes into view.
The endoplasm freezes you.
You are frozen.
You hit the endoplasm.
The endoplasm is moderately wounded.
The endoplasm hits you.
You hit the endoplasm.
The endoplasm is poisoned.
The endoplasm is heavily wounded.
You kill the endoplasm!
The rat closely misses you.
Your leather armour prevents you from hitting the rat.
The rat bites you.
You hit the rat but do no damage.
The rat is poisoned.
The rat bites you but does no damage.
You hit the rat.
You kill the rat!
No target in view!
HP restored.
Found 12 sling bullets.
Found 20 stones.
You open the door.
There is an open door here.
Found 18 stones.
Sigmund the Dreaded comes into view.
He is wielding a +0 scythe and wearing a +1 robe of positive energy.
Sigmund shouts!
Sigmund screams, "Only death can liberate you!"
Sigmund points at you and mumbles some strange words.
The magic dart hits you.
Sigmund points at you and mumbles some strange words.
You are confused.
You are too confused!
You are too confused!
Sigmund is nearby!
Sigmund is nearby!
It was a potion of lignification.
You turn into a tree.
Your +2 leather armour of fire resistance melds into your body.
You feel less resistant to fire.
Your roots penetrate the ground.
Sigmund hits you but does no damage.
You cannot move. (Use ctrl+direction or * direction to attack without moving.)
You cannot move. (Use ctrl+direction or * direction to attack without moving.) Sigmund says, "Your kind have come here before.
I understand now why.
You desire death..."
Sigmund hits you but does no damage.
Sigmund hits you from afar with a +0 scythe!
You feel less confused. Sigmund hits you but does no damage.
You block Sigmund's attack. Sigmund hits you but does no damage.
Sigmund hits you from afar with a +0 scythe.
Sigmund casts a spell at you.
The puff of flame hits you but does no damage.
Sigmund hits you from afar with a +0 scythe.
* * * LOW HITPOINT WARNING * * *
Sigmund points at you and mumbles some strange words.
You resist with significant effort.
Sigmund hits you from afar with a +0 scythe!
* * * LOW HITPOINT WARNING * * *
Sigmund hits you from afar with a +0 scythe!
* * * LOW HITPOINT WARNING * * *
Sigmund hits you but does no damage. Sigmund hits you but does no damage.
Sigmund hits you but does no damage.
Your transformation is almost over.
You block Sigmund's attack.
Sigmund hits you from afar with a +0 scythe.
* * * LOW HITPOINT WARNING * * *
Sigmund gestures at you while chanting.
The magic dart hits you but does no damage.
You block Sigmund's attack. You block Sigmund's attack.
You feel less wooden.
Your +2 leather armour of fire resistance unmelds from your body.
You feel resistant to fire. Sigmund misses you.
Sigmund hits you but does no damage. Sigmund hits you with a +0 scythe.
* * * LOW HITPOINT WARNING * * *
You hit Sigmund.
Sigmund is lightly wounded.
Sigmund hits you with a +0 scythe!
You die...

#####..##......####.########
...(........................
######..#...........########
........#.......###.........
...###..........# #.########
...# #.#.##########.# ...#
#.### #....####. ...# #.#
##.......... ...# #.#
#.@......... ...# #.#
#.@......... #### #<#
#........... # ###
#........... # #....######.
# #....# #....# #.####


You could see Sigmund.

Vanquished Creatures
  2 dart slugs (D:1)
  A bat (D:1)
  3 endoplasms
  2 giant cockroaches (D:1)
  A goblin (D:1)
  3 hobgoblins (D:1)
  A kobold (D:1)
  3 quokkas (D:1)
  3 frilled lizards (D:1)
  10 rats
29 creatures vanquished.

Notes
Turn   | Place    | Note
-------+----------+-------------------------------------------
     0 | D:1      | sleeves the Demonspawn Fighter began the quest for the Orb.
     0 | D:1      | Reached XP level 1. HP: 18/18 MP: 1/1
    92 | D:1      | Reached skill level 2 in Axes
   227 | D:1      | Gained mutation: Your touch may inflict minor irresistible
                  | damage on your foes. [demonic ancestry]
   227 | D:1      | Reached XP level 2. HP: 24/24 MP: 2/2
   461 | D:1      | Reached skill level 3 in Axes
   912 | D:1      | Reached XP level 3. HP: 29/29 MP: 3/3
  1301 | D:2      | Noticed Sigmund
  1317 | D:2      | HP: 18/43 [Sigmund (6)]
  1321 | D:2      | HP: 2/43 [Sigmund (8)]
  1328 | D:2      | HP: 2/43 [Sigmund (1)]
  1337 | D:2      | HP: 1/29 [Sigmund (1)]
  1338 | D:2      | Mangled by Sigmund

Illustrated notes

Levels and vault maps discovered:
D:1:      minmay_arrival_arboretum_small, layout_basic, minmay_rat_gold_closets
D:2:      minmay_alternating_diamond, layout_basic,
          shapermc_ecumenical_altar_hornbeckon, minmay_tetromino_t2,
          uniq_sigmund

Skill      XL: |  1  2 |
---------------+-------+-----
Axes           | 2 3 |  3.3
Fighting       | |  3.0
Armour         | |  2.6
Shields        | |  2.6

Action                   || total
-------------------------++-------
Melee: War axe           ||    24
       Dagger            ||    70
  Use: Potion            ||     1
Armor: Scale mail        ||    15
       Leather armour    ||    13
       Skin              ||     9
Dodge: Dodged            ||    34
Block: Buckler           ||    15

Table legend: (Time is in decaauts)
 A = Elapsed time spent in this place.
 B = Non-inter-level travel time spent in this place.
 C = Inter-level travel time spent in this place.
 D = Time resting spent in this place.
 E = Time spent auto-exploring this place.
 F = Levels seen in this place.
 G = Mean time per level.
                   A        B        C        D        E       F      G
               +--------+--------+--------+--------+--------+-----+--------+
         Total |   1349 |   1305 |     44 |      0 |   1051 |   2 |  674.5 |
       Dungeon |   1349 |   1305 |     44 |      0 |   1051 |   2 |  674.5 |
               +--------+--------+--------+--------+--------+-----+--------+

Top non-repeatable levels by time:
     D:1: 1181 daAuts
     D:2: 167 daAuts
